 Dungeon Crawl Stone Soup version 0.27-a0-531-gb72ec1a1b6 (webtiles) character file.

Game seed: 17310671633578094097

9885 Morbidden the Tainter (level 11, 0/72 HPs)
             Began as an Octopode Venom Mage on Mar 5, 2021.
             Was a High Priest of Cheibriados.
             Slain by an orc warrior
             ... wielding a +0 halberd
              (9 damage)
             ... in a bailey.
             The game lasted 00:22:59 (12817 turns).

Morbidden the Tainter (Octopode Venom Mage)        Turns: 12817, Time: 00:22:59

Health: 0/72       AC:  3    Str: 24    XL:     11   Next: 53%
Magic:  3/24       EV: 12    Int: 38    God:    Cheibriados [*****.]
Gold:   589        SH: 17    Dex: 36    Spells: 18/28 levels left

rFire    . . .     SeeInvis .   a - +0 scimitar
rCold    . . .     Faith    .   c - +0 tower shield
rNeg     . . .     Spirit   .   x - +2 hat
rPois    +         Reflect  .   p - amulet of magic regeneration
rElec    .         Harm     .   f - +6 ring of intelligence
rCorr    +         Rampage  .   r - ring of resist corrosion
Will     .....                  u - ring of poison resistance
Stlth    +++++.....             z - +6 ring of dexterity
HPRegen  0.22/turn              A - +6 ring of dexterity
MPRegen  0.44/turn              C - +6 ring of strength
                                (no ring)
                                (no ring)

@: radiating poison, very slightly contaminated, very slow
A: almost no armour, amphibious, 8 rings, constrict 8, camouflage 1, gelatinous
body 1, nimble swimmer 1
a: Renounce Religion, Bend Time, Temporal Distortion, Slouch, Step From Time


You were in a bailey.
You worshipped Cheibriados.
Cheibriados was extremely pleased with you.
You visited 2 branches of the dungeon, and saw 12 of its levels.
You also visited: Bailey.

You collected 765 gold pieces.
You spent 176 gold pieces at shops.

Inventory:

Hand Weapons
 a - a +0 scimitar (weapon)
 b - a +2 hunting sling of flaming
Missiles
 e - 3 atropa-tipped darts
 g - 113 sling bullets
 t - 12 boomerangs (quivered)
 v - 57 poisoned darts
 R - 6 curare-tipped darts
Armour
 c - a +0 tower shield (worn)
 x - a +2 hat (worn)
Jewellery
 f - a +6 ring of intelligence (left tentacle)
 p - an amulet of magic regeneration (around mantle)
 r - a ring of resist corrosion (right tentacle)
 u - a ring of poison resistance (on tentacle)
 z - a +6 ring of dexterity (on tentacle)
 A - a +6 ring of dexterity (on tentacle)
 C - a +6 ring of strength (on tentacle)
Wands
 d - a wand of mindburst (6)
 k - a wand of paralysis (14)
 B - a wand of acid (16)
 P - a wand of flame (17)
Scrolls
 h - 2 scrolls of amnesia
 m - 8 scrolls of identify
 n - 5 scrolls of teleportation
 w - a scroll of immolation
 y - 2 scrolls of fog
 E - 2 scrolls of enchant weapon
 J - a scroll of enchant armour
Potions
 i - a potion of heal wounds
 o - 2 potions of degeneration {unknown}
 q - a potion of experience {unknown}
 s - 4 potions of haste {unknown}
 D - 2 potions of flight {unknown}
 F - 6 potions of curing
 H - a potion of invisibility {unknown}
 I - 3 potions of brilliance {unknown}
 K - 2 potions of mutation {unknown}
 L - a potion of resistance {unknown}
 M - a potion of berserk rage {unknown}
 N - a potion of lignification
 O - 2 potions of attraction


   Skills:
 * Level 5.3 Fighting
 * Level 4.3 Long Blades
 + Level 1.2 Maces & Flails
 + Level 0.1 Slings
 + Level 3.1 Dodging
 + Level 4.6 Stealth
 * Level 4.7 Shields
 * Level 9.1 Spellcasting
 * Level 6.1 Transmutations
 + Level 1.8 Fire Magic
 + Level 3.8 Air Magic
 + Level 9.8 Poison Magic
 * Level 4.2 Invocations


You had 18 spell levels left.
You knew the following spells:

 Your Spells              Type           Power      Damage    Failure   Level
a - Poisonous Vapours     Pois/Air       100%       N/A       2%          2
b - Olgreb's Toxic Radia  Pois           75%        N/A       5%          4
c - Sting                 Tmut/Pois      100%       1d8       1%          1
z - Ignite Poison         Fire/Tmut/Pois 58%        N/A       8%          3

Your spell library contained the following spells:

 Spells                   Type           Power      Damage    Failure   Level
 Mephitic Cloud           Conj/Pois/Air  51%        N/A       14%         3


Dungeon Overview and Level Annotations

Branches:
Dungeon (11/15)            Temple (1/1) D:6            Lair (0/6) D:11
    Orc (0/2) D:10         Bailey (1/1)

Altars:
Ashenzari
Cheibriados
Dithmenos
Elyvilon
Fedhas
Gozag
Hepliaklqana
Kikubaaqudgha
Makhleb
Nemelex Xobeh
Okawaru
Qazlal
Ru
Sif Muna
Trog
Uskayaw
Vehumet
Wu Jian
Xom
Yredelemnul
Zin
The Shining One
Lugonu

Shops:
D:4 [   D:10 =

Annotations:
D:3 Grinder
D:10 3 runed translucent doors, Rowah's ghost, journeyman GnWn


Innate Abilities, Weirdness & Mutations

You cannot wear most types of armour.
You are amphibious.
You can wear up to eight rings at the same time.
You can use your tentacles to constrict eight enemies at once.
Your skin changes colour to match your surroundings (Stealth+).
Your rubbery body absorbs attacks. (AC +1, EV +1)
You are stealthy while swimming. (Stealth+)


Message History

You kill the orc warrior!
Cheibriados appreciates the change of pace.
The orc warrior shouts!
The orc warrior is poisoned.
Your toxic aura wanes.
You hear a shout! x7
Unknown command.
Casting: Ignite Poison (dangerous; 8% risk of failure)
Confirm with . or Enter, or press ? or * to list all spells.
You begin to radiate toxic energy.
The orc warrior looks even sicker. x2
You block the orc warrior's attack.
Unknown command.
Unknown command.
Unknown command.
Unknown command.
Unknown command.
Casting: Olgreb's Toxic Radiance (dangerous; 5% risk of failure)
Confirm with . or Enter, or press ? or * to list all spells.
You ignite the poison in your surroundings!
The orc warrior seems to burn from within!!!
You kill the orc warrior!
Cheibriados thoroughly appreciates the change of pace.
An orc warrior comes into view. It is wielding a +0 halberd.
Unknown command.
Unknown command.
Casting: Ignite Poison (dangerous; 8% risk of failure)
Confirm with . or Enter, or press ? or * to list all spells.
Your toxic radiance grows in intensity.
The orc warrior is poisoned.
The orc warrior hits you from afar with a +0 halberd!
* * * LOW HITPOINT WARNING * * *
Unknown command.
Unknown command.
Unknown command.
Casting: Olgreb's Toxic Radiance (dangerous; 5% risk of failure)
Confirm with . or Enter, or press ? or * to list all spells.
You miscast Ignite Poison.
You are very lightly contaminated with residual magic.
Nothing appears to happen.
The orc warrior looks even sicker.
The orc warrior hits you from afar with a +0 halberd!
You die...

#### ##∩## ####
....##...##....
≈≈≈..#...#..≈≈≈
≈o≈≈......)≈≈o≈
o≈)......≈o
....... #).o#
#.∩.# ##@## ###


You could see an orc warrior (very poisoned).

Vanquished Creatures
  2 two-headed ogres
  Joseph (D:8)
  A gargoyle (D:10)
  A komodo dragon (D:11)
  A hornet (D:9)
  Eustachio (D:6)
  A wyvern (D:8)
  A shadow (D:9)
  2 vampires (D:10)
  5 yaks (D:11)
  Menkaure (D:5)
  2 water moccasins
  3 sky beasts
  3 ice beasts
  8 orc warriors
  3 black bears
  5 ogres
  2 eyes of draining (D:8)
  4 centaurs
  2 gnoll sergeants
  4 bullfrogs
  A water moccasin zombie (D:4)
  6 scorpions
  11 killer bees
  11 wights
  A howler monkey (D:7)
  2 bullfrog zombies
  2 centaur zombies (D:6)
  A quasit (D:5)
  2 centaur skeletons
  5 hounds
  3 jellies
  4 orc priests
  3 bullfrog skeletons
  Ijyb (D:4)
  Terence (D:3)
  An iguana (D:5)
  7 orc wizards
  9 worker ants
  14 gnolls
  13 adders
  2 shadow imps
  2 white imps (D:6)
  4 ufetubi
  An ooze (D:2)
  An adder skeleton (D:8)
  2 worms
  A dart slug (D:1)
  5 leopard geckos
  32 orcs
  5 giant cockroaches
  4 goblins
  5 hobgoblins
  3 jackals (D:3)
  4 kobolds
  7 quokkas
  A ball python (D:1)
  5 bats
  A frilled lizard (D:4)
  2 gnoll zombies (D:7)
  A leopard gecko skeleton (D:4)
  A leopard gecko zombie (D:6)
  A quokka zombie (D:6)
  9 rats
250 creatures vanquished.

Vanquished Creatures (others)
  5 dream sheep (D:6)
  3 plants (D:11)
8 creatures vanquished.

Grand Total: 258 creatures vanquished

Notes
Turn   | Place    | Note
-------+----------+-------------------------------------------
     0 | D:1      | Morbidden the Octopode Venom Mage began the quest for the
                  | Orb.
     0 | D:1      | Reached XP level 1. HP: 11/11 MP: 3/3
   270 | D:1      | Reached XP level 2. HP: 17/17 MP: 3/5
   481 | D:1      | Learned a level 2 spell: Poisonous Vapours
   998 | D:2      | Reached XP level 3. HP: 22/22 MP: 3/6
  1641 | D:2      | Found a hazy altar of Hepliaklqana.
  1685 | D:2      | Found a radiant altar of Vehumet.
  1747 | D:2      | Reached XP level 4. HP: 21/27 MP: 1/7
  1981 | D:2      | Found an iron altar of Okawaru.
  2082 | D:3      | Noticed Grinder
  2582 | D:3      | Reached skill level 1 in Fighting
  2791 | D:3      | Reached XP level 5. HP: 33/33 MP: 5/9
  2794 | D:3      | Noticed Ijyb
  2795 | D:3      | Reached skill level 1 in Maces & Flails
  3034 | D:3      | Found a burning altar of Makhleb.
  3054 | D:3      | Noticed Terence
  3060 | D:3      | Killed Terence
  3284 | D:4      | Paralysed by Ijyb for 7 turns
  3299 | D:4      | Killed Ijyb
  3589 | D:4      | Found a sacrificial altar of Ru.
  3639 | D:4      | Found Soemeq's Armour Shop.
  3648 | D:4      | Reached XP level 6. HP: 18/38 MP: 11/11
  3653 | D:4      | Bought a +2 hat for 176 gold pieces
  3845 | D:4      | You fall into a shaft and drop 1 floor!
  3845 | D:5      | Entered Level 5 of the Dungeon
  3998 | D:5      | Reached skill level 5 in Poison Magic
  4209 | D:5      | Noticed a sky beast
  4217 | D:5      | Killed a sky beast
  4218 | D:5      | Reached XP level 7. HP: 44/44 MP: 5/13
  4261 | D:5      | Found a sparkling altar of Nemelex Xobeh.
  4267 | D:5      | Noticed Menkaure
  4276 | D:5      | Killed Menkaure
  4401 | D:5      | Reached skill level 1 in Long Blades
  4492 | D:5      | Found a broken altar of Ashenzari.
  5087 | D:4      | Reached XP level 8. HP: 48/51 MP: 8/14
  5092 | D:4      | Learned a level 4 spell: Olgreb's Toxic Radiance
  5096 | D:4      | Learned a level 3 spell: Ignite Poison
  5382 | D:4      | Reached skill level 5 in Spellcasting
  6052 | D:6      | Noticed a dream sheep
  6052 | D:6      | Noticed a dream sheep
  6052 | D:6      | Noticed a dream sheep
  6052 | D:6      | Noticed a dream sheep
  6052 | D:6      | Noticed a dream sheep
  6052 | D:6      | Found a shimmering altar of Xom.
  6056 | D:6      | Killed a dream sheep
  6056 | D:6      | Killed a dream sheep
  6057 | D:6      | Killed a dream sheep
  6057 | D:6      | Killed a dream sheep
  6058 | D:6      | Killed a dream sheep
  6328 | D:6      | Noticed Eustachio
  6331 | D:6      | Killed Eustachio
  6615 | D:6      | Found a staircase to the Ecumenical Temple.
  6657 | D:6      | Reached skill level 1 in Shields
  6698 | Temple   | Entered the Ecumenical Temple
  6776 | Temple   | Became a worshipper of Cheibriados the Contemplative
  6851 | D:6      | Reached XP level 9. HP: 50/57 MP: 13/18
  7597 | D:7      | Reached * piety under Cheibriados
  8013 | D:7      | Found a hide-covered altar of Uskayaw.
  8368 | D:7      | Found a basalt altar of Yredelemnul.
  8446 | D:7      | Found a glowing silver altar of Zin.
  8504 | D:7      | Reached ** piety under Cheibriados
  8551 | D:7      | Found an iron altar of Okawaru.
  8675 | D:8      | Reached XP level 10. HP: 22/64 MP: 18/20
  9179 | D:8      | Found a bloodstained altar of Trog.
  9284 | D:8      | Found a shadowy altar of Dithmenos.
  9552 | D:8      | Reached *** piety under Cheibriados
  9629 | D:8      | Noticed Joseph
  9633 | D:8      | Killed Joseph
  9634 | D:8      | Reached skill level 5 in Transmutations
 10382 | D:9      | Found a blossoming altar of Fedhas.
 10430 | D:9      | Reached skill level 1 in Fire Magic
 10435 | D:9      | Noticed a two-headed ogre
 10440 | D:9      | Killed a two-headed ogre
 10440 | D:9      | Reached **** piety under Cheibriados
 10791 | D:10     | Entered Level 10 of the Dungeon
 10852 | D:10     | Reached XP level 11. HP: 67/70 MP: 14/23
 10908 | D:10     | Found Hywil's Jewellery Boutique.
 11602 | D:10     | Reached skill level 5 in Fighting
 11790 | D:10     | Found a staircase to the Orcish Mines.
 11970 | D:10     | Found a runed translucent gate.
 11970 | D:10     | Found a runed translucent gate.
 11970 | D:10     | Found a runed translucent gate.
 12057 | D:10     | Noticed Rowah's ghost (journeyman GnWn)
 12602 | D:11     | Reached ***** piety under Cheibriados
 12623 | D:11     | Noticed a skeletal warrior
 12623 | D:11     | Noticed a skeletal warrior
 12625 | D:11     | Found a flagged portal.
 12626 | D:11     | Noticed a skeletal warrior
 12626 | D:11     | Noticed a skeletal warrior
 12745 | D:11     | Found a staircase to the Lair.
 12779 | D:11     | Noticed a two-headed ogre
 12785 | D:11     | Killed a two-headed ogre
 12805 | Bailey   | Entered a bailey
 12817 | Bailey   | Slain by an orc warrior

Illustrated notes

Levels and vault maps discovered:
D:1:      mainiacjoe_arrival_reflecting_pool, layout_loops_ring,
          minmay_pentomino_p2
D:2:      layout_loops_ring, overflow_temple_1_default, fiery_altar_vehumet,
          overflow_temple_1_default
D:3:      layout_loops_corners, bloody_makhleb, uniq_ijyb, uniq_grinder,
          uniq_terence
D:4:      layout_basic, nicolae_ru_awakened_eye, serial_shops,
          nicolae_shop_trees, minivault_19
D:5:      layout_basic, ashenzari_altar_1, nemelex_altar_shiori, st_stairs_7,
          uniq_menkaure
D:6:      minmay_thinvault, layout_basic, kb_xom_exploding_sheep,
          minmay_temple_entry_statues, serial_park_tiny_2, kennysheep_donut,
          uniq_eustachio
D:7:      layout_loops_ring, lemuel_zombie_altar_yredelemnul, marbit_many_paths,
          lemuel_round_altar, basic_altar
D:8:      layout_loops_ring, grunt_dithmenos_smoke_and_mirrors,
          trog_eyes_of_draining, uniq_joseph
D:9:      layout_cave_pools, nicolae_overflow_crystal_walls
D:10:     layout_small_grid, david_orc_2, serial_shops,
          nicolae_shop_behind_doors, ebering_ghost_rock_garden
D:11:     layout_long_grid, david_lair_shrubbed, enter_bailey_6,
          maelrawn_ghost_gauntlet_escape, kennysheep_generic_room_7,
          uniq_gastronok
Temple:   corrupted_temple
Bailey:   bailey_polearm_4, bailey

Skill      XL: |  1  2  3  4  5  6  7  8  9 10 11 |
---------------+----------------------------------+-----
Poison Magic   | 4 5 6 7 8 9 |  9.8
Transmutations | 2 3 4 5 6 |  6.1
Stealth        | 3 4 |  4.6
Fighting       | 1 2 3 4 5 |  5.3
Maces & Flails | 1 |  1.2
Spellcasting   | 3 4 6 8 9 |  9.1
Air Magic      | 2 3 |  3.8
Long Blades    | 1 2 3 4 |  4.3
Shields        | 1 3 4 |  4.7
Invocations    | 2 3 4 |  4.2
Fire Magic     | 1 |  1.8
Dodging        | 3 |  3.1
Slings         | |  0.1

Action                   |  1- 3 |  4- 6 |  7- 9 | 10-12 || total
-------------------------+-------+-------+-------+-------++-------
Melee: Mace              |     9 |     8 |       |       ||    17
       Constrict         |     3 |     7 |    31 |    24 ||    65
       Long sword        |       |    17 |    89 |    41 ||   147
       Tentacles         |       |     6 |    39 |    43 ||    88
       Scimitar          |       |       |       |    35 ||    35
 Fire: Hunting sling     |       |       |       |     5 ||     5
Throw: Boomerang         |       |       |       |     1 ||     1
 Cast: Sting             |    40 |    26 |    30 |     4 ||   100
       Poisonous Vapours |     3 |    34 |    50 |    19 ||   106
       Olgreb's Toxic Ra |       |       |    15 |    38 ||    53
       Ignite Poison     |       |       |    13 |    26 ||    39
Evoke: Wand              |       |       |     3 |     2 ||     5
  Use: Potion            |       |     1 |       |     5 ||     6
       Scroll            |       |       |       |    15 ||    15
 Stab: Sleeping          |     1 |     2 |     7 |     6 ||    16
       Paralysed         |       |       |     3 |       ||     3
Armor: Skin              |     1 |     7 |    26 |     7 ||    41
Dodge: Dodged            |    14 |    26 |    87 |    43 ||   170
Block: Buckler           |     3 |     8 |    33 |    17 ||    61
       Tower shield      |       |       |       |    41 ||    41
       Rpst.: Long sword |       |     6 |    21 |     7 ||    34
       Scimitar          |       |       |       |     5 ||     5

Table legend: (Time is in decaauts)
 A = Elapsed time spent in this place.
 B = Non-inter-level travel time spent in this place.
 C = Inter-level travel time spent in this place.
 D = Time resting spent in this place.
 E = Time spent auto-exploring this place.
 F = Levels seen in this place.
 G = Mean time per level.
                   A        B        C        D        E       F      G
               +--------+--------+--------+--------+--------+-----+--------+
         Total |  14956 |  13762 |   1194 |   1130 |  10626 |  13 | 1150.5 |
       Dungeon |  14841 |  13659 |   1182 |   1130 |  10555 |  11 | 1349.2 |
        Temple |    102 |     91 |     11 |      0 |     71 |   1 |  102.0 |
        Bailey |     12 |     12 |      0 |      0 |      0 |   1 |   12.0 |
               +--------+--------+--------+--------+--------+-----+--------+

Top non-repeatable levels by time:
     D:8: 1921 daAuts
    D:10: 1797 daAuts
     D:6: 1741 daAuts
     D:7: 1634 daAuts
     D:4: 1580 daAuts
     D:5: 1451 daAuts
     D:3: 1194 daAuts
     D:9: 1111 daAuts
     D:2: 1090 daAuts
     D:1: 993 daAuts
    D:11: 325 daAuts
  Temple: 102 daAuts
  Bailey: 12 daAuts
